Map: Port Aleksander LE

Players

Lambo - Winner!

  • Race: Zerg Zerg
  • Spawn Location: 11:00

Gerald

  • Race: Protoss Protoss
  • Spawn Location: 5:00

Event: IEM Season 13: Katowice (2019)

VOD

Have the link to the VOD?

Description

Time

  • Played on: Feb. 26, 2019, 9:15 a.m.
  • Length: 15:33

All games in this series

Show
View Real Time Build Order
Export as new Build Order

Lambo Zerg - Winner!

Build Orders: Hatch First 

Get SALT Encoding   

  12  0:00  Drone  
  13  0:12  Overlord  
  13  0:18  Drone  
  14  0:31  Drone x2  
  16  0:49  Hatchery  
  15  0:52  Drone  
  15  0:56  Drone  
  17  1:00  Drone  
  18  1:11  Extractor  
  17  1:15  Spawning Pool  
  16  1:19  Drone  
  16  1:22  Drone  
  18  1:28  Drone  
  19  1:38  Drone  
  20  1:50  Overlord  
  20  2:02  Queen x2, Zergling x4  
  26  2:11  Metabolic Boost, Drone  
  26  2:15  Drone  
  28  2:23  Drone x2  
  30  2:37  Hatchery  
  30  2:41  Drone  
  30  2:43  Drone  
  31  2:47  Drone  
  31  2:51  Overlord  
  32  2:56  Queen  
  34  3:00  Drone  
  34  3:05  Drone  
  36  3:10  Drone  
  36  3:11  Drone x3  
  40  3:17  Zergling x2  
  40  3:18  Zergling x2  
  40  3:19  Drone  
  43  3:22  Drone  
  43  3:26  Overlord x2  
  44  3:38  Spore Crawler  
  44  3:41  Drone  
  44  3:44  Queen  
  46  3:48  Drone x3  
  46  3:49  Spore Crawler  
  46  3:50  Drone x2  
  46  3:51  Drone  
  51  3:56  Drone  
  51  3:59  Drone, Spore Crawler  
  52  4:06  Drone x2  
  52  4:08  Drone  
  55  4:13  Drone x4  
  58  4:22  Drone  
  58  4:28  Drone x2  
  58  4:31  Drone, Spore Crawler  
  58  4:36  Drone  
  59  4:40  Overlord, Roach Warren  
  59  4:44  Overlord  
  58  4:49  Lair  
  58  4:53  Extractor  
  58  4:55  Extractor, Overlord  
  58  4:57  Overlord  
  58  4:58  Queen  
  58  5:06  Drone x8  
  66  5:08  Drone  
  66  5:12  Drone x3  
  66  5:13  Drone  
  64  5:19  Drone x4  
  68  5:23  Drone  
  68  5:27  Drone x2  
  71  5:32  Drone  
  71  5:33  Evolution Chamber  
  71  5:35  Extractor, Drone  
  70  5:36  Extractor, Drone  
  70  5:38  Drone x3  
  70  5:40  Queen  
  76  5:45  Drone  
  76  5:47  Drone  
  77  5:54  Queen, Overlord  
  77  5:55  Glial Reconstitution  
  78  5:57  Roach  
  78  6:01  Roach  
  81  6:06  Zerg Missile Weapons Level 1  
  81  6:07  Overlord  
  81  6:10  Overlord x2  
  81  6:12  Queen  
  81  6:15  Roach x3, Overlord  
  89  6:21  Overlord  
  89  6:25  Queen  
  91  6:29  Queen  
  102  6:32  Roach  
  102  6:33  Roach x4  
  102  6:39  Roach x2  
  103  6:46  Overlord  
  103  6:47  Queen, Zergling x2, Nydus Network  
  103  6:56  Roach x5  
  103  7:07  Roach x4  
  110  7:13  Queen  
  112  7:16  Overseer  
  112  7:20  Queen  
  112  7:22  Roach x2  
  119  7:23  Roach x2  
  119  7:26  Nydus Canal  
  119  7:28  Roach x2  
  125  7:31  Roach  
  125  7:33  Roach  
  133  7:37  Roach x2  
  133  7:43  Queen  
  135  7:45  Roach  
  137  7:54  Zergling x2  
  137  7:55  Overlord  
  137  7:58  Overlord, Nydus Canal  
  138  8:00  Overlord  
  138  8:04  Overlord  
  138  8:05  Overlord  
  138  8:18  Roach x9  
  142  8:21  Roach, Nydus Canal  
  142  8:25  Zergling x6  
  131  8:29  Roach  
  131  8:32  Zergling x8  
  128  8:36  Roach  
  128  8:40  Zergling x6  
  113  8:48  Nydus Canal  
  113  8:51  Roach x3  
  117  8:56  Roach x2  
  117  8:57  Roach  
  120  9:03  Nydus Canal  
  120  9:04  Roach x2  
  120  9:05  Queen  
  120  9:07  Roach  
  123  9:12  Roach x2  
  112  9:18  Roach  
  112  9:23  Roach x2  
  112  9:24  Queen x2  
  111  9:31  Roach  
  109  9:38  Roach x2, Zergling x4  
  112  9:39  Nydus Canal  
  112  9:41  Roach  
  112  9:42  Roach  
  117  9:46  Roach  
  117  9:49  Queen  
  115  9:56  Nydus Canal  
  115  9:59  Zergling x8  
  112  10:03  Zergling x2  
  112  10:06  Roach  
  88  10:15  Hydralisk Den, Nydus Canal  
  88  10:16  Roach, Zergling x2  
  88  10:21  Roach x2, Zergling x2  
  92  10:22  Zergling x4  
  92  10:26  Drone  
  92  10:31  Drone x2  
  81  10:35  Drone  
  82  10:43  Drone x6  
  82  10:44  Drone  
  82  10:45  Zerg Missile Weapons Level 2  
  82  10:46  Grooved Spines, Extractor  
  87  10:50  Drone  
  87  10:51  Drone x2  
  87  10:56  Drone x3  
  93  11:01  Hydralisk x2  
  93  11:03  Hydralisk  
  98  11:09  Hydralisk x2  
  98  11:11  Overlord  
  102  11:13  Hydralisk  
  102  11:14  Zergling x8  
  108  11:27  Hydralisk x2  
  108  11:32  Hatchery  
  111  11:33  Ravager x2  
  111  11:34  Hydralisk  
  111  11:37  Hydralisk  
  117  11:41  Hydralisk  
  117  11:42  Roach, Zergling x2  
  122  11:48  Hydralisk x2  
  122  11:53  Hydralisk  
  122  11:54  Hydralisk  
  126  11:57  Hydralisk  
  132  12:04  Hydralisk x2  
  132  12:07  Overseer  
  136  12:09  Overseer  
  136  12:16  Muscular Augments, Zergling x10  
  136  12:22  Hydralisk x2  
  142  12:31  Hydralisk x3  
  142  12:34  Hydralisk  
  142  12:35  Zergling x2  
  151  12:38  Hydralisk  
  151  12:43  Hydralisk  
  151  12:44  Hydralisk  
  155  12:50  Drone, Spore Crawler  
  155  12:51  Drone x2  
  159  12:53  Zergling x2  
  159  12:54  Zergling x2  
  159  12:55  Zergling x2  
  159  12:58  Zergling x2  
  163  13:02  Zerg Ground Armor Level 1  
  163  13:03  Zergling x2  
  163  13:04  Ravager x2  
  166  13:07  Zergling x4  
  166  13:10  Zergling x4  
  170  13:14  Zergling x6  
  170  13:19  Nydus Canal  
  173  13:20  Overlord  
  173  13:22  Hydralisk  
  173  13:25  Nydus Canal  
  174  13:27  Overlord  
  174  13:29  Overlord  
  173  13:35  Hydralisk  
  173  13:37  Hydralisk  
  173  13:39  Hydralisk x2, Nydus Canal  
  174  13:45  Hydralisk x2  
  167  13:53  Nydus Canal  
  167  13:54  Hydralisk x3  
  172  13:58  Hydralisk  
  171  14:04  Hydralisk x2  
  170  14:12  Nydus Canal  
  170  14:13  Hydralisk x2  
  170  14:16  Hydralisk x3  
  174  14:20  Hydralisk  
  181  14:30  Hydralisk, Nydus Canal  
  181  14:31  Hydralisk x2  
  183  14:34  Hydralisk  
  188  14:38  Hydralisk  
  188  14:42  Hydralisk x2  
  188  14:44  Nydus Canal  
  189  14:47  Drone x4  
  189  14:51  Hydralisk x2  
  197  14:56  Overlord  
  190  15:08  Hydralisk  
Show
View Real Time Build Order
Export as new Build Order

Gerald Protoss 

Build Orders: 1 Gate Expand, Oracle Opening, Phoenix Opening 

Get SALT Encoding   

  12  0:01  Probe  
  13  0:13  Probe  
  14  0:20  Pylon  
  14  0:25  Probe  
  15  0:30  Assimilator  
  15  0:37  Probe  
  16  0:44  Gateway  
  16  0:45  Probe  
  17  0:53  Probe  
  18  1:04  Probe  
  19  1:16  Probe  
  20  1:25  Nexus  
  20  1:35  Cybernetics Core  
  20  1:38  Probe  
  21  1:44  Assimilator  
  21  1:50  Probe  
  22  1:55  Pylon  
  22  2:02  Probe  
  22  2:03  Adept  
  23  2:14  Probe  
  26  2:20  Stargate  
  26  2:24  Warp Gate  
  26  2:26  Probe  
  26  2:27  Adept  
  29  2:38  Probe  
  30  2:45  Probe  
  30  2:50  Probe  
  32  2:53  Stalker  
  32  2:57  Probe, Oracle  
  35  3:02  Probe  
  36  3:09  Probe  
  36  3:12  Gateway  
  40  3:14  Probe  
  41  3:20  Pylon  
  41  3:21  Probe  
  41  3:26  Probe  
  43  3:29  Phoenix  
  43  3:33  Probe  
  44  3:38  Probe  
  47  3:45  Probe  
  47  3:47  Assimilator  
  48  3:49  Assimilator  
  48  3:50  Probe  
  48  3:51  Pylon  
  48  3:52  Oracle  
  52  4:03  Probe  
  52  4:05  Probe  
  54  4:15  Probe  
  55  4:17  Probe  
  56  4:27  Probe  
  56  4:29  Probe  
  58  4:37  Phoenix, Stargate  
  56  4:39  Gateway, Probe  
  56  4:41  Pylon  
  58  4:51  Probe, Pylon  
  58  4:55  Gateway  
  58  4:56  Adept  
  58  4:57  Adept, Shield Battery  
  62  5:01  Pylon  
  62  5:12  Phoenix  
  62  5:16  Phoenix  
  59  5:22  Probe  
  62  5:30  Phoenix  
  62  5:32  Adept x2  
  66  5:39  Phoenix  
  66  5:40  Probe  
  66  5:41  Nexus  
  66  5:42  Probe  
  70  5:43  Pylon  
  70  5:48  Phoenix  
  72  5:52  Probe  
  72  5:54  Probe  
  76  6:03  Adept x3  
  76  6:04  Adept, Probe, Phoenix  
  84  6:07  Protoss Air Weapons Level 1  
  88  6:16  Robotics Facility  
  88  6:18  Robotics Facility  
  87  6:21  Pylon  
  87  6:25  Phoenix  
  89  6:32  Probe  
  90  6:33  Probe  
  91  6:44  Probe  
  91  6:45  Phoenix  
  91  6:46  Probe  
  95  6:50  Phoenix  
  98  6:56  Probe  
  98  6:58  Probe  
  88  7:02  Immortal  
  83  7:10  Phoenix  
  83  7:11  Immortal  
  83  7:12  Zealot x4  
  99  7:34  Immortal  
  99  7:35  Stalker x4  
  107  7:41  Immortal  
  107  7:43  Gateway  
  111  7:46  Gateway  
  115  7:54  Shield Battery  
  113  8:03  Zealot x2  
  117  8:07  Sentry  
  117  8:10  Immortal, Pylon  
  117  8:12  Pylon  
  117  8:16  Sentry  
  104  8:30  Zealot x2  
  104  8:36  Immortal  
  104  8:37  Zealot  
  104  8:40  Zealot x3  
  116  8:41  Immortal  
  112  8:56  Zealot  
  112  8:57  Zealot x2  
  116  9:07  Stalker x3  
  109  9:10  Immortal  
  108  9:18  Sentry  
  108  9:22  Probe  
  109  9:28  Zealot x2  
  108  9:34  Immortal, Zealot x3  
  102  9:47  Zealot  
  100  9:53  Sentry  
  100  9:54  Zealot  
  100  9:56  Sentry x2  
  100  9:57  Zealot  
  92  10:09  Immortal  
  92  10:12  Probe  
  92  10:24  Immortal  
  89  10:49  Twilight Council  
  89  10:57  Zealot x3  
  90  11:02  Observer  
  95  11:12  Charge  
  95  11:21  Pylon, Nexus  
  95  11:23  Zealot  
  97  11:38  Templar Archives  
  97  11:41  Probe  
  98  11:49  Zealot  
  98  11:50  Zealot x3  
  106  11:54  Probe  
  107  12:06  Psionic Storm  
  107  12:18  High Templar x2  
  107  12:21  High Templar  
  113  12:29  Immortal  
  117  12:37  Probe  
  117  12:39  Probe  
  117  12:40  Assimilator  
  117  12:41  Assimilator  
  119  12:44  Warp Prism  
  119  12:49  High Templar  
  119  12:50  Zealot x2  
  125  12:56  Probe  
  129  13:02  Forge  
  128  13:10  Probe  
  129  13:14  High Templar x2  
  129  13:18  Pylon x2  
  133  13:38  Zealot x4  
  112  13:49  Zealot x2  
  115  13:59  Zealot x4  
  118  14:11  Probe x2  
  118  14:12  Zealot x2  
  118  14:16  Probe  
  123  14:23  Sentry, Probe  
  126  14:29  Zealot  
  128  14:33  Zealot  
  127  14:40  Probe  
  121  14:45  High Templar x3  
  123  14:58  High Templar x3  
  123  14:59  Probe  
  75  15:25  Zealot  
  75  15:26  Zealot x2  

Tags
 
Add a new tag
Caveats
  • Supply blocks, unpowered buildings, or Contaminate may cause inaccurate times.
  • Supply counts are checked every 10 seconds.